Map: Overgrown Facility

Players

LightCartman

  • Race: Zerg Zerg
  • League: Diamond
  • Spawn Location: 7:00

Gintoki

  • Race: Terran Terran
  • League: Diamond
  • Spawn Location: 9:00

Adversity - Winner!

  • Race: Terran Terran
  • Spawn Location: 1:00

Kaiser - Winner!

  • Race: Zerg Zerg
  • Spawn Location: 3:00

VOD

Have the link to the VOD?

Description

Time

  • Played on: July 13, 2018, 4:08 p.m.
  • Length: 7:49
Show
View Real Time Build Order
Export as new Build Order

LightCartman Zerg 

Build Orders: Pool First 

Get SALT Encoding   

  12  0:01  Drone  
  13  0:14  Extractor  
  13  0:16  Drone  
  13  0:17  Drone  
  14  0:33  Spawning Pool  
  13  0:38  Drone  
  14  0:46  Overlord  
  14  1:20  Queen, Zergling x6  
  19  1:27  Metabolic Boost  
  19  1:31  Zergling x2  
  20  1:43  Zergling x2  
  21  2:02  Zergling x2  
  21  2:04  Hatchery  
  21  2:07  Overlord  
  20  2:40  Zergling x10  
  25  2:46  Zergling x2  
  25  3:07  Zergling x4  
  25  3:09  Queen  
  28  3:19  Drone  
  27  3:40  Drone x2, Queen  
  31  3:44  Drone x3  
  34  3:51  Drone  
  34  3:52  Drone  
  36  3:55  Overlord x2  
  36  4:11  Overlord  
  36  4:17  Drone x2  
  38  4:18  Drone x4  
  42  4:25  Drone  
  43  4:32  Extractor  
  43  4:37  Hatchery  
  40  4:52  Drone  
  40  4:53  Drone x3  
  40  4:57  Zergling x6  
  40  4:58  Zergling x2  
  46  5:00  Zergling x2  
  46  5:02  Zergling x2  
  48  5:13  Zergling x4  
  49  5:14  Zergling x2  
  39  5:59  Zergling x6  
  39  6:00  Zergling x8  
  39  6:01  Queen, Zergling x2  
  39  6:02  Drone x2, Queen  
  53  6:06  Lair, Roach Warren  
  53  6:07  Drone  
  53  6:09  Extractor x2  
  46  6:46  Drone x3  
  46  6:47  Drone x2  
  50  6:49  Roach x3  
  50  6:50  Drone x3  
  55  7:11  Drone x2  
  55  7:12  Roach x2  
Show
View Real Time Build Order
Export as new Build Order

Gintoki Terran 

Build Orders:  

Get SALT Encoding   

  12  0:16  SCV  
  13  0:23  Supply Depot  
  13  0:28  SCV  
  14  0:40  SCV  
  14  0:41  Refinery  
  15  0:47  Barracks  
  15  0:57  SCV  
  16  1:10  SCV  
  17  1:22  SCV  
  18  1:32  Barracks  
  18  1:35  Supply Depot, Orbital Command  
  18  1:38  Reaper  
  20  2:01  SCV  
  20  2:11  Factory  
  20  2:13  SCV  
  21  2:21  Barracks Reactor  
  20  2:59  Marine x2  
  20  3:02  Starport  
  20  3:03  Marine  
  23  3:06  SCV  
  23  3:10  Refinery  
  24  3:19  Command Center  
  24  3:21  Supply Depot  
  24  3:24  Supply Depot  
  24  3:29  Factory Tech Lab  
  24  3:31  Marine x2, Barracks Tech Lab  
  26  3:46  SCV  
  26  3:47  Engineering Bay  
  27  3:49  Marine x2  
  27  3:54  Starport Reactor, Barracks  
  27  3:55  Marine  
  30  3:58  SCV  
  31  4:06  Marine  
  32  4:26  Marine  
  32  4:28  Marine x2  
  35  4:34  Siege Tank  
  35  4:37  Orbital Command  
  38  4:44  Marine  
    5:50  Orbital Command  
  1  6:11  SCV  
  1  6:15  SCV  
  2  6:23  SCV  
  3  6:27  SCV  
  4  6:35  SCV  
Show
View Real Time Build Order
Export as new Build Order

Adversity Terran - Winner!

Build Orders:  

Get SALT Encoding   

  12  0:01  SCV  
  13  0:13  SCV  
  14  0:18  Supply Depot  
  14  0:29  Refinery, SCV  
  15  0:41  SCV  
  16  0:48  Barracks  
  16  0:55  SCV  
  17  1:07  SCV  
  17  1:09  Barracks  
  18  1:19  SCV  
  18  1:25  Barracks  
  19  1:35  Reaper  
  20  1:41  Orbital Command  
  20  1:50  Supply Depot  
  20  1:56  Reaper  
  20  2:01  Refinery  
  21  2:08  Reaper, SCV  
  23  2:16  Reaper  
  24  2:26  SCV  
  25  2:34  Reaper  
  25  2:40  Reaper  
  25  2:42  Supply Depot  
  24  2:48  Reaper  
  25  2:53  SCV  
  26  3:06  SCV  
  27  3:15  Reaper  
  27  3:16  Supply Depot  
  27  3:18  SCV  
  29  3:24  Reaper  
  29  3:26  Command Center  
  30  3:33  Reaper  
  31  3:40  SCV  
  32  3:47  Reaper  
  33  3:49  Supply Depot  
  33  3:53  SCV  
  34  3:56  Reaper  
  35  4:06  Reaper  
  35  4:09  SCV  
  37  4:10  Barracks  
  37  4:11  Barracks  
  37  4:21  SCV  
  39  4:27  Barracks Reactor  
  39  4:28  Barracks Tech Lab  
  38  4:33  Supply Depot  
  38  4:35  SCV  
  38  4:51  Marine x2  
  38  4:52  Stimpack  
  40  4:55  Factory, SCV  
  41  5:01  Orbital Command  
  40  5:17  Marine x4  
  40  5:20  Marine x2  
  46  5:23  SCV  
  47  5:35  SCV  
  47  5:36  SCV  
  45  5:57  Marine x5  
  45  5:59  Marine  
  45  6:00  Factory Reactor, Starport, SCV  
  45  6:01  SCV  
  53  6:05  Engineering Bay  
  53  6:06  Engineering Bay  
  53  6:07  Supply Depot  
  53  6:13  SCV x2  
  55  6:21  Barracks Reactor x3  
  55  6:22  Marine x3  
  55  6:25  SCV x2  
  60  6:34  Refinery  
  60  6:37  Refinery  
  60  6:44  Marine x2  
  60  6:45  Marine  
  63  6:51  SCV x2  
  63  6:52  Supply Depot  
  63  7:03  SCV x2  
  63  7:06  Medivac x2  
  67  7:15  SCV x2  
  68  7:19  Marine  
  68  7:20  Marine x8  
  77  7:37  Armory  
  77  7:40  Supply Depot  
Show
View Real Time Build Order
Export as new Build Order

Kaiser Zerg - Winner!

Build Orders: Pool First, Roach Nydus 

Get SALT Encoding   

  12  0:02  Drone  
  13  0:11  Drone  
  14  0:18  Overlord  
  14  0:38  Drone  
  14  0:39  Spawning Pool  
  14  0:42  Drone  
  15  0:46  Drone  
  16  0:51  Drone  
  16  0:56  Extractor  
  16  1:02  Drone  
  17  1:11  Drone  
  18  1:22  Drone  
  19  1:28  Roach Warren  
  18  1:33  Drone  
  19  1:43  Drone  
  20  1:47  Hatchery  
  20  1:53  Queen  
  21  1:59  Overlord  
  21  2:06  Drone  
  22  2:20  Roach  
  22  2:21  Extractor  
  23  2:29  Roach  
  25  2:43  Roach  
  27  2:48  Overlord  
  23  3:14  Roach x4  
  23  3:17  Lair  
  31  3:21  Drone x3  
  31  3:24  Overlord  
  34  3:27  Queen  
  36  3:45  Drone x2  
  36  3:47  Drone  
  36  3:48  Drone  
  40  3:53  Roach x3  
  46  4:09  Drone x3  
  49  4:15  Roach  
  49  4:16  Extractor  
  50  4:17  Drone  
  51  4:45  Overlord x2  
  51  4:49  Spine Crawler  
  44  5:18  Roach  
  44  5:19  Roach x7  
  50  5:24  Nydus Network  
  49  5:35  Spore Crawler  
  48  5:38  Drone  
  48  5:40  Spore Crawler  
  48  5:52  Drone x2  
  48  5:53  Hatchery  
  48  5:56  Drone  
  50  5:57  Drone x5  
  50  6:04  Drone x2  
  57  6:19  Hydralisk Den  
  57  6:21  Drone x2  
  57  6:24  Drone  
  57  6:25  Drone  
  60  6:27  Overlord  
  60  6:50  Hydralisk  
  60  6:51  Hydralisk x5  
  72  6:57  Nydus Canal  
  72  7:22  Nydus Canal  
Tags
 
Add a new tag
Caveats
  • Supply blocks, unpowered buildings, or Contaminate may cause inaccurate times.
  • Supply counts are checked every 10 seconds.